 Dungeon Crawl Stone Soup version 0.19-a0-994-g3c636f0 (webtiles) character file.

2254 Charly the Covert (level 9, 0/39 HPs)
             Began as a Spriggan Enchanter on July 17, 2016.
             Was an Initiate of Dithmenos.
             Slain by a spiny frog (22 damage)
             ... on level 4 of the Lair of Beasts.
             The game lasted 00:31:00 (1493 turns).

Charly the Covert (Spriggan Enchanter)              Turns: 1493, Time: 00:31:00

Health: 0/39       AC:  3    Str:  4    XL:     9   Next: 15%
Magic:  14/14      EV: 19    Int: 19    God:    Dithmenos [......]
Gold:   235        SH:  0    Dex: 25    Spells: 4 memorised, 1 level left

rFire  . . .     SeeInvis +     p - +1 rapier of Spontaneous Combustion {pierce, *Corrode rElec Dex+8}
rCold  . . .     Gourm    .     b - +1 robe
rNeg   . . .     Faith    .     (shield restricted)
rPois  .         Spirit   .     (helmet restricted)
rElec  +         Dismiss  .     (no cloak)
rCorr  +         Reflect  .     (gloves unavailable)
SustAt .         Harm     .     (boots unavailable)
MR     +....     Rnd*Tele +     (no amulet)
Stlth  ++++++....               v - ring of teleportation
                                q - ring of resist corrosion

@: silence (expiring), marked, very quick, somewhat resistant to hostile
enchantments, very stealthy
A: unfitting armour, see invisible, herbivore 3, speed 3, slow metabolism 2
a: Renounce Religion


You were on level 4 of the Lair of Beasts.
You worshipped Dithmenos.
Dithmenos was noncommittal.
You were not hungry.

You visited 3 branches of the dungeon, and saw 13 of its levels.

You collected 235 gold pieces.

Inventory:

Hand Weapons
 p - the +1 rapier of Spontaneous Combustion (weapon) {pierce, *Corrode rElec Dex+8}
   (You found it on level 4 of the Dungeon)

   It inflicts extra damage upon your enemies.
   It affects your dexterity (+8).
   It insulates you from electricity.
   It may corrode you when you take damage.
Missiles
 h - 27 poisoned needles
 n - 7 curare-tipped needles
Armour
 b - a +1 robe (worn)
Jewellery
 q - a ring of resist corrosion (left hand)
 v - a ring of teleportation (right hand)
Wands
 e - a wand of disintegration (14/24)
 j - a wand of lightning (14/15)
 r - a wand of paralysis (7/24)
Scrolls
 g - 2 scrolls of remove curse
Potions
 i - a potion of brilliance {unknown}
 l - a potion of berserk rage
 m - a potion of heal wounds
 o - 2 potions of curing
 s - 3 potions of might {unknown}
Books
 c - a book of Maledictions

   Spells                             Type                      Level
   a - Corona                         Hexes                        1
   b - Ensorcelled Hibernation        Hexes/Ice                    2
   c - Confuse                        Hexes                        3
   d - Tukima's Dance                 Hexes                        3
   e - Dazzling Spray                 Conjuration/Hexes            3
 t - a book of Debilitation

   Spells                             Type                      Level
   a - Corona                         Hexes                        1
   b - Slow                           Hexes                        2
   c - Gell's Gravitas                Hexes/Translocation          3
   d - Inner Flame                    Hexes/Fire                   3
   e - Cause Fear                     Hexes                        4
   f - Leda's Liquefaction            Hexes/Earth                  4
Comestibles
 d - 7 bread rations
 f - 3 fruits


   Skills:
 - Level 1.1 Short Blades
 - Level 3.0 Dodging
 + Level 13.5 Stealth
 - Level 2.6 Spellcasting
 + Level 10.8 Hexes


You had one spell level left.
You knew the following spells:

 Your Spells              Type           Power        Failure   Level  Hunger
c - Confuse               Hex            #####...     1%          3    ###....
f - Cause Fear            Hex            #####.....   1%          4    ####...
h - Ensorcelled Hibernat  Hex/Ice        ###...       2%          2    ##.....
t - Tukima's Dance        Hex            #####...     1%          3    ###....


Dungeon Overview and Level Annotations

Branches:
Dungeon (8/15)             Temple (1/1) D:7            Lair (4/6) D:8
  Swamp (0/4) Lair:4       Spider (0/4) Lair:4

Altars:
Dithmenos
Ru
Sif Muna
Vehumet
Xom
The Shining One

Annotations:
D:3 Jessica, Natasha
D:6 Dowan
D:7 Charly's ghost, amateur SpEn
Lair:4 exclusion: upstairs, Harold


Innate Abilities, Weirdness & Mutations

You are tiny and cannot use many weapons and most armour.
You have supernaturally acute eyesight. (SInv)
You are a herbivore.
You cover ground extremely quickly.
You need consume almost no food.


Message History

Evoke which item? (* to show all) (? for menu, Esc to quit)
Okay, then.
The black mamba seems to regain its courage.
You see here a scorpion corpse.
Okay, then.
Okay, then.
Drop what? 19/52 slots (_ for help) (? for menu, Esc to quit)
Okay, then.
Drop what? 19/52 slots (_ for help) (? for menu, Esc to quit)
Okay, then.
The black mamba closely misses you. The black mamba barely misses you.
The black mamba closely misses you. The redback barely misses you.
The black mamba completely misses you. The redback barely misses you.
The spiny frog stings you! The spiny frog stings you!!
Ouch! That really hurt!
You die...

....#..#.s###
#......###
#########.F.##
#.....#.# ##
##..s###......#
.#
#.###..##.....#
.# ##
##..#....P# ##
##......##
#.#......#
####)...###
##@......#
#.sF##...#
#S..#####.#
##..# ##
#s.####
#.###.##
###.##...##
#P........#
##.#.....##


You could see a black mamba, a spiny frog and 2 redbacks.

Vanquished Creatures
  The ghost of p0werm0de the Fighter, a novice MiCK of Xom (D:6)
  A spriggan (D:8)
  3 yaks (Lair:3)
  An ice beast (D:8)
  An orc warrior (D:8)
  2 porcupines
  A wasp (D:6)
  A black bear (D:8)
  An ogre (D:6)
  A crocodile (Lair:4)
  A giant frog (D:6)
  A wyvern skeleton (D:6)
  3 scorpions
  A centaur zombie (D:5)
  A jelly (D:5)
  A centaur skeleton (D:8)
  2 iguanas
  A worker ant zombie (D:5)
  2 adders
  A river rat (Lair:4)
  An adder skeleton (D:4)
  2 dart slugs
  A hobgoblin (D:2)
  A bat (D:1)
  2 giant newts
  6 kobolds
  4 rats
44 creatures vanquished.

Vanquished Creatures (others)
  A kobold (D:1)
1 creature vanquished.

Grand Total: 45 creatures vanquished

Notes
Turn   | Place    | Note
-------+----------+-------------------------------------------
     0 | D:1      | Charly the Spriggan Enchanter began the quest for the Orb.
     0 | D:1      | Reached XP level 1. HP: 9/9 MP: 5/5
   163 | D:2      | Reached skill level 5 in Stealth
   163 | D:2      | Reached XP level 2. HP: 10/13 MP: 6/6
   202 | D:2      | Learned a level 2 spell: Ensorcelled Hibernation
   322 | D:4      | Found a sacrificial altar of Ru.
   372 | D:3      | Noticed Jessica
   390 | D:4      | Reached XP level 3. HP: 15/16 MP: 8/8
   395 | D:4      | Learned a level 3 spell: Confuse
   421 | D:3      | Noticed Natasha
   466 | D:4      | Got a crude rapier
   467 | D:4      | Identified the cursed +1 rapier of Spontaneous Combustion {pierce, *Corrode rElec Dex+8} (You found it on level 4 of the Dungeon)
   476 | D:5      | Entered Level 5 of the Dungeon
   533 | D:6      | Noticed a wasp
   537 | D:6      | Noticed a giant frog
   619 | D:5      | Reached skill level 6 in Stealth
   632 | D:5      | Reached skill level 5 in Hexes
   632 | D:5      | Reached XP level 4. HP: 21/21 MP: 4/9
   679 | D:5      | Reached skill level 7 in Stealth
   679 | D:5      | Reached XP level 5. HP: 24/24 MP: 5/10
   754 | D:6      | Noticed an ogre
   758 | D:6      | Reached skill level 8 in Stealth
   763 | D:6      | Killed an ogre
   763 | D:6      | Reached XP level 6. HP: 28/28 MP: 11/11
   796 | D:6      | Reached skill level 9 in Stealth
   808 | D:6      | Learned a level 3 spell: Tukima's Dance
   817 | D:7      | Found a staircase to the Ecumenical Temple.
   859 | D:8      | Reached XP level 7. HP: 32/32 MP: 12/12
   873 | D:6      | Noticed p0werm0de's ghost (novice MiCK)
   879 | D:6      | Noticed Dowan
   881 | D:6      | Killed p0werm0de's ghost
   881 | D:6      | Reached skill level 11 in Stealth
   881 | D:6      | Reached XP level 8. HP: 36/36 MP: 13/13
   902 | Temple   | Entered the Ecumenical Temple
   915 | Temple   | Became a worshipper of Dithmenos the Shadowed
   972 | D:7      | Noticed Charly's ghost (amateur SpEn)
  1028 | D:8      | Found a staircase to the Lair.
  1033 | D:8      | Reached skill level 12 in Stealth
  1040 | D:8      | Found a deep blue altar of Sif Muna.
  1052 | Lair:1   | Entered Level 1 of the Lair of Beasts
  1117 | Lair:2   | Noticed a spiny frog
  1188 | Lair:4   | Reached skill level 10 in Hexes
  1204 | Lair:3   | Learned a level 4 spell: Cause Fear
  1231 | Lair:3   | Noticed a polar bear
  1233 | Lair:3   | Reached skill level 13 in Stealth
  1243 | Lair:4   | Noticed an eight-headed hydra
  1256 | Lair:4   | Noticed a black mamba
  1294 | Lair:4   | Found a staircase to the Swamp.
  1295 | Lair:4   | Noticed Harold
  1330 | Lair:3   | Reached XP level 9. HP: 39/39 MP: 11/14
  1358 | Lair:4   | Found a hole to the Spider Nest.
  1443 | Lair:4   | Charly: heh
  1443 | Lair:4   | Charly: it doesnt happen very often in lair
  1457 | Lair:4   | Noticed a spiny frog
  1461 | Lair:4   | Charly: fuckign amazing
  1493 | Lair:4   | Slain by a spiny frog

Vault maps used:
D:1:      shiori_arrival_elements, minmay_shallow_snake_nest
D:2:      lemuel_upstairs_altar, uniq_robin
D:3:      first_bread, minivault_23, uniq_natasha, uniq_grinder, uniq_jessica
D:4:      nicolae_overflow_crystal_walls, grunt_temple_overflow_open,
          serial_shops, nicolae_shop_waterfront, minmay_rat_hole
D:5:      portal_sewer_entry_d
D:6:      uniq_duvessa, uniq_crazy_yiuf_cottage
D:8:      kennysheep_orc_sif_temple, fedhas_altar_2,
          nicolae_overflow_hidden_temple, lair_0_dummy, the_bakery
Temple:   nicolae_temple_elliptical
Lair:1:   lemuel_old_faithful, grunt_megastairs_5
Lair:2:   minmay_stone_trees_small, grunt_forest_small_clearings,
          infiniplex_staircase_pool
Lair:3:   serial_bayou_lagoon_b
Lair:4:   swamp_mist, spider_nest_entry_a, grunt_megastairs_4, uniq_harold

Skill      XL: |  1  2  3  4  5  6  7  8 |
---------------+-------------------------+-----
Stealth        | 5 6 7 8 9 11 13 | 13.5
Hexes          | 4 5 6 7 8 10 | 10.8
Short Blades   | |  1.1
Dodging        | |  3.0
Spellcasting   | |  2.6

Action                   |  1- 3 |  4- 6 |  7- 9 || total
-------------------------+-------+-------+-------++-------
Melee: Dagger            |    50 |       |       ||    50
       Rapier            |     3 |    16 |    21 ||    40
 Cast: Corona            |    10 |       |       ||    10
       Ensorcelled Hiber |     3 |     2 |    10 ||    15
       Confuse           |       |     1 |     1 ||     2
       Tukima's Dance    |       |       |     1 ||     1
       Cause Fear        |       |       |     2 ||     2
Evoke: Wand              |     2 |     2 |     8 ||    12
  Use: Scroll            |     4 |       |     8 ||    12
       Potion            |       |       |     1 ||     1
 Stab: Sleeping          |     8 |     6 |    13 ||    27
       Paralysed         |     2 |     3 |     2 ||     7
       Confused          |       |     2 |     1 ||     3
  Eat: Pizza             |       |     1 |       ||     1
Armor: Robe              |     4 |     1 |       ||     5
Dodge: Dodged            |    35 |     6 |    12 ||    53
